 Dungeon Crawl Stone Soup version 0.16-a0-4113-g7d8e295 (webtiles) character file.

191 Minkie the Conjurer (level 5, -7/28 HPs)
             Began as a Tengu Conjurer on Mar 1, 2015.
             Mangled by miek's ghost (12 damage)
             ... on level 4 of the Dungeon.
             The game lasted 00:17:14 (3970 turns).

Minkie the Conjurer (Tengu Conjurer)                Turns: 3970, Time: 00:17:14

Health: -7/28      AC:  7    Str:  8    XL:     5   Next: 70%
Magic:  12/14      EV: 12    Int: 18    God:
Gold:   172        SH:  0    Dex: 20    Spells: 3 memorised, 1 level left

rFire  . . .     SeeInvis .     e - +0 spear
rCold  . . .     Clarity  .     r - +1 leather armour of the Commoners {Int+2 Dex+5}
rNeg   . . .     SustAb   .     (no shield)
rPois  .         Gourm    .     (helmet restricted)
rElec  .         Spirit   .     s - +0 cloak
rCorr  .         Warding  .     a - +1 pair of gloves
rMut   .         Stasis   .     (boots unavailable)
MR     .....                    (no amulet)
Stlth  ++........               (no ring)
                                t - +5 ring of slaying

@: not resistant to hostile enchantments, unstealthy
A: able to fly, beak, talons 3
a: Fly


You were on level 4 of the Dungeon.
You were hungry.

You visited 1 branch of the dungeon, and saw 4 of its levels.

You collected 172 gold pieces.

Inventory:

Hand weapons
 e - a +0 spear (weapon)
Missiles
 l - 5 javelins (quivered)
Armour
 a - a +1 pair of gloves (worn)
 r - the +1 leather armour of the Commoners (worn) {Int+2 Dex+5}
   (You found it on level 4 of the Dungeon)

   It affects your intelligence (+2).
   It affects your dexterity (+5).
 s - a +0 cloak (worn)
Jewellery
 t - a +5 ring of slaying (left hand)
Scrolls
 g - 2 scrolls of enchant weapon {unknown}
 i - 6 scrolls of identify {unknown}
 j - a scroll of remove curse {unknown}
 o - a scroll of teleportation {unknown}
 v - a scroll of fear {unknown}
Potions
 f - 3 potions of might {unknown}
 k - 2 potions of haste {unknown}
 m - a potion of ambrosia {unknown}
 n - a potion of restore abilities {unknown}
 u - a potion of lignification {unknown}
Books
 c - a book of Conjurations

   Spells                             Type                      Level
   a - Magic Dart                     Conjuration                  1
   b - Searing Ray                    Conjuration                  2
   c - Dazzling Spray                 Conjuration/Hexes            3
   d - Fulminant Prism                Conjuration/Hexes            4
   e - Iskenderun's Mystic Blast      Conjuration                  4
   f - Iskenderun's Battlesphere      Conjuration/Charms           5
Comestibles
 b - 2 bread rations
 d - 2 beef jerkies
 h - a meat ration
 p - 3 fruits
 q - a royal jelly


   Skills:
 - Level 2.1 Dodging
 - Level 2.0 Stealth
 + Level 3.8 Spellcasting
 + Level 7.0 Conjurations
 + Level 1.2 Charms


You had one spell level left.
You knew the following spells:

 Your Spells              Type           Power        Failure   Level  Hunger
a - Magic Dart            Conj           ####         1%          1    None
b - Iskenderun's Battles  Conj/Chrm      ###.....     92%         5    ######.
c - Iskenderun's Mystic   Conj           ####....     12%         4    ####...


Dungeon Overview and Level Annotations

Branches:
Dungeon (4/15)
 Temple: D:4-7

Altars:

Annotations:
D:3 phoenixzeus' ghost, average NaMo
D:4 miek's ghost, average MfFi


Innate Abilities, Weirdness & Mutations

You can fly.
You have a beak for a mouth.
You have claws for feet.


Message History

Ouch! That really hurt!
* * * LOW HITPOINT WARNING * * *
You hit miek's ghost but do no damage. You claw miek's ghost.
Your peck misses miek's ghost.
Miek's ghost is severely damaged.
Miek's ghost hits you.
* * * LOW HITPOINT WARNING * * *
You hit miek's ghost but do no damage.
You peck miek's ghost, but do no damage.
Miek's ghost is severely damaged.
Miek's ghost hits you but does no damage.
You hit miek's ghost but do no damage.
You claw miek's ghost, but do no damage.
You peck miek's ghost, but do no damage.
Miek's ghost is severely damaged.
Miek's ghost closely misses you.
You hit miek's ghost but do no damage. You claw miek's ghost.
Miek's ghost is severely damaged.
Miek's ghost hits you!
You die...

..#....########. ...# #.# #.#
#.#..#..............# #.###.#
.........######. ... #.#....
#......#.# .. #.#.#.# ###...##.#
##.# #.#.#.# #......# #..#
##.....# ##.##### #.# #.......
#.# #W# #.###### ##'## #@# ##.#
##...## #.# ###..# ##.....##
###.# #....# #.......## ##.#.#
#....#####
.........####....######........#
.........'.....................##
.........####....######.###...#.#
#.......## ##.#.# #.###..##.#
##.....## ###.# #.........#


You could see miek's ghost.

Vanquished Creatures
  Terence (D:3)
  6 gnolls
  2 adders
  2 giant mites (D:3)
  3 worms (D:2)
  An ooze (D:2)
  7 orcs (D:3)
  2 ball pythons
  8 bats
  4 giant cockroaches (D:3)
  8 goblins
  9 hobgoblins
  A quokka (D:3)
  A giant gecko (D:2)
  4 giant newts
  6 kobolds
  8 rats
73 creatures vanquished.

Notes
Turn   | Place    | Note
--------------------------------------------------------------
     0 | D:1      | Minkie, the Tengu Conjurer, began the quest for the Orb.
     0 | D:1      | Reached XP level 1. HP: 10/10 MP: 3/3
   227 | D:1      | Reached XP level 2. HP: 15/15 MP: 0/5
  1104 | D:2      | Reached XP level 3. HP: 19/19 MP: 1/7
  1260 | D:2      | Reached skill level 6 in Conjurations
  1359 | D:2      | Reached XP level 4. HP: 16/24 MP: 3/10
  2316 | D:3      | Noticed Terence
  2345 | D:3      | Killed Terence
  2477 | D:3      | Reached XP level 5. HP: 28/28 MP: 7/13
  2526 | D:3      | Learned a level 5 spell: Iskenderun's Battlesphere
  2531 | D:3      | Learned a level 4 spell: Iskenderun's Mystic Blast
  2824 | D:3      | Noticed phoenixzeus' ghost (average NaMo)
  3183 | D:3      | Reached skill level 1 in Charms
  3230 | D:3      | Reached skill level 7 in Conjurations
  3820 | D:4      | Got a distressingly furry leather armour
  3831 | D:4      | Identified the +1 leather armour of the Commoners {Int+2 Dex+5} (You found it on level 4 of the Dungeon)
  3941 | D:4      | Noticed miek's ghost (average MfFi)
  3970 | D:4      | Mangled by miek's ghost

Action                   |  1- 3 |  4- 6 || total
-------------------------+-------+-------++-------
Melee: Spear             |    27 |    42 ||    69
Throw: Javelin           |     1 |     2 ||     3
 Cast: Magic Dart        |    57 |   116 ||   173
       Iskenderun's Myst |       |     3 ||     3
 Stab: Sleeping          |       |     1 ||     1
  Eat: Chunk             |     2 |     8 ||    10
